 Dungeon Crawl Stone Soup version 0.17.0-28-g6e173f8 (webtiles) character file.

867 gorblad the Ruffian (level 7, -4/71 HPs)
             Began as a Troll Berserker on Dec 4, 2015.
             Was a Priest of Trog.
             Slain by a worm (11 damage)
             ... on level 5 of the Dungeon.
             The game lasted 00:06:09 (2650 turns).

gorblad the Ruffian (Troll Berserker)               Turns: 2650, Time: 00:06:09

Health: -4/71      AC:  7    Str: 28    XL:     7   Next: 73%
Magic:  6/6        EV: 11    Int:  3    God:    Trog [***...]
Gold:   221        SH:  0    Dex:  9    Spells: 0 memorised, 6 levels left

rFire  . . .     SeeInvis .       - Unarmed
rCold  . . .     Clarity  .     A - +2 robe {Archmagi}
rNeg   . . .     SustAt   .     (no shield)
rPois  .         Gourm    +     (helmet restricted)
rElec  .         Spirit   .     (no cloak)
rCorr  .         Warding  .     (gloves unavailable)
rMut   .         Stasis   .     (boots unavailable)
MR     .....                    u - amulet of faith
Stlth  +.........               (no ring)
                                (no ring)

@: exhausted, slowed, very slow, not resistant to hostile enchantments, very
unstealthy
A: unfitting armour, claws 3, fast metabolism 3, gourmand, regeneration 2,
shaggy fur 1, tough skin 2
a: Berserk, Trog's Hand, Burn Spellbooks, Renounce Religion


You were on level 5 of the Dungeon.
You worshipped Trog.
Trog was most pleased with you.
You were not hungry.

You visited 1 branch of the dungeon, and saw 5 of its levels.

You collected 221 gold pieces.

Inventory:

Armour
 a - a +0 animal skin
 A - a +2 robe of the Archmagi (worn)
Jewellery
 u - an amulet of faith (around neck)
Scrolls
 c - 2 scrolls of amnesia
 d - 5 scrolls of remove curse
 m - 2 scrolls of magic mapping
 x - a scroll of blinking
Potions
 e - a potion of beneficial mutation
 g - 2 potions of invisibility {unknown}
 k - 4 potions of might
 o - a potion of brilliance {unknown}
 p - 3 potions of curing {unknown}
 q - 3 potions of agility {unknown}
 r - a potion of heal wounds {unknown}
 s - a potion of degeneration {unknown}
 t - a potion of resistance {unknown}
 w - 2 potions of lignification {unknown}
Comestibles
 b - 4 bread rations
 f - 2 meat rations
 h - 7 fruits
 i - 2 beef jerkies
 l - a slice of pizza
 n - 2 royal jellies


   Skills:
 + Level 4.4 Fighting
 + Level 5.3 Dodging
 + Level 0.6 Stealth
 + Level 5.5 Unarmed Combat


You had 6 spell levels left.
You didn't know any spells.

Dungeon Overview and Level Annotations

Branches:
Dungeon (5/15)
 Temple: D:4-7

Altars:
Gozag
Makhleb
Qazlal
Ru


Innate Abilities, Weirdness & Mutations

You are too large for most types of armour.
You have claws for hands.
Your metabolism is lightning-fast.
You like to eat raw meat.
You heal very quickly.
You are covered in fur (AC +1).
You have very tough skin (AC +2).


Message History

You feel yourself slow down.
The quokka zombie bites you but does no damage.
Things that are here:
an uncursed shortbow of velocity; 5 arrows You scratch the quokka zombie.
The sentinel's mark upon you fades away.
The quokka zombie barely misses you.
You claw the quokka zombie!
You destroy the quokka zombie!
A worm comes into view.
Things that are here:
an uncursed shortbow of velocity; 5 arrows You claw the worm!
The worm is heavily wounded.
The worm bites you!
* * * LOW HITPOINT WARNING * * *
You scratch the worm but do no damage.
The worm is heavily wounded.
The worm bites you!
You die...

#........# #...##........
......##.####...##........
#.........<##...##[.......
...#+#..................>..
.. #..#..###...######....
#..###..#..# #...#### #....
#...((.##..# #......# #....
#.....(...###......###....
#..#...).@w...............
. #(.))).###......###....
##)†)....#.............
#.###.#.#............. #.
#.#.#....()....... #. #.#
#..........### #.
#................. #.
#................. #.
..........##.....


You could see a worm.

Vanquished Creatures
  Sigmund (D:5)
  The ghost of gorblad the Sneak, an amateur DsAs of Dithmenos (D:4)
  2 ogres
  A centaur (D:5)
  2 scorpions
  An orc wizard (D:5)
  Ijyb (D:2)
  3 worker ants
  3 adders
  2 oozes (D:3)
  3 worms
  2 giant geckos
  6 orcs
  7 bats
  6 goblins
  8 hobgoblins
  9 jackals
  A quokka (D:5)
  3 ball pythons
  2 giant cockroaches
  4 giant newts (D:2)
  8 kobolds
  A quokka zombie (D:5)
  11 rats
88 creatures vanquished.

Notes
Turn   | Place    | Note
--------------------------------------------------------------
     0 | D:1      | gorblad the Troll Berserker began the quest for the Orb.
     0 | D:1      | Reached XP level 1. HP: 22/22 MP: 0/0
   114 | D:1      | Reached XP level 2. HP: 26/29 MP: 1/1
   374 | D:1      | Reached ** piety under Trog
   529 | D:2      | Reached XP level 3. HP: 31/37 MP: 2/2
   699 | D:2      | Found a burning altar of Makhleb.
   700 | D:2      | Found a stormy altar of Qazlal.
   700 | D:2      | Found an opulent altar of Gozag.
   955 | D:2      | Noticed Ijyb
   965 | D:2      | Killed Ijyb
   965 | D:2      | Reached XP level 4. HP: 31/45 MP: 3/3
  1278 | D:3      | Reached *** piety under Trog
  1444 | D:3      | Reached XP level 5. HP: 51/53 MP: 4/4
  1464 | D:3      | Noticed an ogre
  1469 | D:3      | Killed an ogre
  1469 | D:3      | Reached skill level 4 in Unarmed Combat
  1597 | D:3      | Found a sacrificial altar of Ru.
  1927 | D:4      | Noticed an ogre
  1934 | D:4      | Killed an ogre
  1934 | D:4      | Reached XP level 6. HP: 27/61 MP: 5/5
  2151 | D:4      | Noticed gorblad's ghost (amateur DsAs)
  2168 | D:4      | Killed gorblad's ghost
  2168 | D:4      | Reached skill level 5 in Unarmed Combat
  2168 | D:4      | Reached XP level 7. HP: 53/68 MP: 6/6
  2546 | D:5      | Entered Level 5 of the Dungeon
  2558 | D:5      | Noticed Sigmund
  2566 | D:5      | Killed Sigmund
  2566 | D:5      | Reached skill level 5 in Dodging
  2650 | D:5      | Slain by a worm

Action                   |  1- 3 |  4- 6 |  7- 9 || total
-------------------------+-------+-------+-------++-------
Melee: Unarmed           |   117 |   111 |    32 ||   260
Invok: Berserk           |       |     1 |     1 ||     2
  Use: Scroll            |       |     9 |     4 ||    13
 Stab: Sleeping          |     1 |       |       ||     1
  Eat: Chunk             |    14 |    10 |     2 ||    26
